 Dungeon Crawl Stone Soup version 0.18-a0-1526-gcb34c7c (webtiles) character file.

94 GrosslyIncandescent the Insei (level 4, -2/35 HPs)
             Began as a Mummy Monk on Mar 8, 2016.
             Slain by a centaur (9 damage)
             ... on level 2 of the Dungeon.
             The game lasted 00:04:07 (3512 turns).

GrosslyIncandescent the Insei (Mummy Monk)          Turns: 3512, Time: 00:04:07

Health: -2/35      AC:  2    Str: 14    XL:     4   Next: 38%
Magic:  4/4        EV: 13    Int:  9    God:
Gold:   121        SH:  0    Dex: 18    Spells: 0 memorised, 3 levels left

rFire  x . .     SeeInvis .       - Unarmed
rCold  + . .     Gourm    .     (no armour)
rNeg   + + +     Faith    .     (no shield)
rPois  ∞         Spirit   .     (no helmet)
rElec  .         Dismiss  .     (no cloak)
rCorr  .         Reflect  .     k - +1 pair of gloves {archery}
SustAt .         Harm     .     (no boots)
MR     .....                    (no amulet)
Stlth  ++........               (no ring)
                                g - +3 ring of dexterity

@: not resistant to hostile enchantments, unstealthy
A: no food or potions, fire vulnerability, cold resistance 1, negative energy
resistance 3, torment resistance, unbreathing
a: no special abilities


You were on level 2 of the Dungeon.
You were not hungry.

You visited 1 branch of the dungeon, and saw 3 of its levels.

You collected 121 gold pieces.


Innate Abilities, Weirdness & Mutations

You do not eat or drink.
Your flesh is vulnerable to fire.
You are immune to poison.
Your flesh is cold resistant.
You are immune to negative energy.
You are immune to unholy pain and torment.
You can survive without breathing.


   Skills:
 - Level 3.0 Fighting
 - Level 2.4 Dodging
 - Level 1.5 Stealth
 + Level 4.9 Unarmed Combat


You had 3 spell levels left.
You didn't know any spells.

Inventory:

Armour
 d - a +0 large shield
 k - a +1 pair of gloves of archery (worn)
Jewellery
 g - a +3 ring of dexterity (left hand)
 i - a cursed -3 ring of strength {unknown}
Scrolls
 a - 2 scrolls of remove curse {unknown}
 b - a scroll of teleportation {unknown}
 c - a scroll of fear {unknown}
 e - a scroll of amnesia {unknown}
 f - 2 scrolls of identify {unknown}
 h - 2 scrolls of immolation {unknown}
 j - a scroll of random uselessness {unknown}

Dungeon Overview and Level Annotations

Branches:
Dungeon (3/15)

Altars:
Nemelex Xobeh

Annotations:
D:1 Grinder
D:2 exclusions: 2 downstairs and upstairs
D:3 exclusion: centaur

.▒.▒.▒▒▒
▒.▒▒.▒.▒▒▒▒▒▒▒▒
.....▒ ▒.▒▒.▒.▒
▒..▒▒▒ ▒.▒▒.▒.▒
▒..▒ ▒.▒▒.▒.▒ ▒..▒
▒.▒▒.▒.▒ ▒..▒
▒.▒▒.▒.▒ ▒..▒
▒....▒.▒ ...▒
▒▒▒▒▒▒..▒..c▒
▒..▒▒▒......▒▒▒gM▒
▒............▒.b▒▒
▒..▒▒▒.▒▒▒▒▒...▒▒
▒..▒▒▒.▒ ▒▒.▒▒
▒.)....▒ ▒.▒
▒.▒▒▒▒▒▒ ▒.▒
▒.▒▒▒▒▒▒▒▒▒▒▒.▒
▒.............▒
▒▒▒▒▒▒▒▒▒▒▒▒▒▒▒


You could see a centaur, a goblin and a bat.


Message History

There is a stone staircase leading down here!
You beat the centaur into a bloody pulp!
The centaur is moderately wounded!
The centaur barely misses you! The centaur hits you!
You squash the centaur like an ant!
The centaur is heavily wounded!
The goblin hits you but does no damage! The centaur hits you!
You barely miss the centaur!
The centaur is heavily wounded!
The centaur hits you! * * * don't die
* * * The goblin completely misses you!
You barely miss the centaur!
The centaur is heavily wounded!
The centaur hits you! * * * don't die
* * * The goblin closely misses you!
The centaur misses you!
You squash the centaur like an ant!
The centaur is severely wounded!
The centaur barely misses you! The goblin barely misses you!
A bat comes into view!
You pulverise the centaur but do no damage!
The centaur is heavily wounded!
The bat hits you but does no damage! The centaur hits you! * * * don't die
* * * The goblin hits you but does no damage!
You squash the centaur but do no damage!
The centaur is heavily wounded!
The centaur hits you!!! rip

Action                   |  1- 3 |  4- 6 || total
-------------------------+-------+-------++-------
Melee: Unarmed           |   132 |    35 ||   167
 Stab: Sleeping          |     5 |       ||     5

Vault maps used:
D:1:      dpeg_arrival_sounds_slurp
D:2:      guppyfry_early_lair_pool
D:3:      nemelex_xobeh_ov_fountains_minmay, xom_redecorated, uniq_grinder

Notes
Turn   | Place    | Note
--------------------------------------------------------------
     0 | D:1      | GrosslyIncandescent the Mummy Monk began the quest for the Orb.
     0 | D:1      | Reached XP level 1. HP: 18/18 MP: 1/1
   639 | D:1      | Reached XP level 2. HP: 24/24 MP: 2/2
  1007 | D:1      | pls gib free ac + regen + shield
  1188 | D:1      | thank
  1793 | D:2      | Reached skill level 4 in Unarmed Combat
  1807 | D:2      | Reached XP level 3. HP: 18/29 MP: 3/3
  2451 | D:3      | Noticed a centaur
  2535 | D:3      | Found a sparkling altar of Nemelex Xobeh.
  2535 | D:3      | Noticed Grinder
  2561 | D:1      | Paralysed by Grinder for 6 turns
  2569 | D:1      | Paralysed by Grinder for 6 turns
  2795 | D:3      | ok now gib regen
  2827 | D:2      | Reached XP level 4. HP: 20/35 MP: 4/4
  3512 | D:2      | Slain by a centaur

Vanquished Creatures
  5 adders
  A worm (D:2)
  A ball python (D:1)
  3 giant cockroaches
  7 goblins
  8 hobgoblins
  A quokka (D:2)
  6 bats
  A giant newt (D:1)
  4 kobolds (D:2)
  7 rats
44 creatures vanquished.
